 Dungeon Crawl Stone Soup version 0.29-a0-962-gc8bbfd0a37 (webtiles) character file.

Game seed: 2753265443352686

135 wilfster70 the Digger (level 5, -3/28 HPs)
             Began as a Gargoyle Earth Elementalist on July 30, 2022.
             Slain by Pikel
             ... wielding a +2 whip of flaming
              (6 damage)
             ... on level 4 of the Dungeon.
             The game lasted 00:04:36 (2419 turns).

wilfster70 the Digger (Gargoyle Earth Elementalist) Turns: 2419, Time: 00:04:36

Health: -3/28      AC: 13    Str: 14    XL:     5   Next: 18%
Magic:  0/9        EV: 10    Int: 17    God:
Gold:   161        SH:  0    Dex: 10    Spells: 6/10 levels left

rFire   . . .      SeeInvis .   a - staff of conjuration
rCold   . . .      Faith    .   (no shield)
rNeg    + . .      Spirit   .   m - +1 ring mail of Omec {Str+2}
rPois   ∞          Reflect  .   o - +0 helmet
rElec   +          Harm     .   (no cloak)
rCorr   .          Rampage  .   n - +1 pair of gloves
Will    .....                   (no boots)
Stlth   +.........              (no amulet)
HPRegen 0.09/turn               (no ring)
MPRegen 0.11/turn               (no ring)

@: no status effects
A: sickness immunity, AC +4, negative energy resistance 1, electricity
resistance, torment resistance 1, petrification resistance
a: no special abilities


You were on level 4 of the Dungeon.
You visited 1 branch of the dungeon, and saw 4 of its levels.

You collected 161 gold pieces.

Inventory:

Armour
 f - a +1 robe
 m - the +1 ring mail of Omec (worn) {Str+2}
   (You found it on level 3 of the Dungeon)

   Str:       It affects your strength (+2).
 n - a +1 pair of gloves (worn)
 o - a +0 helmet (worn)
Magical Staves
 a - a staff of conjuration (weapon)
Scrolls
 j - 2 scrolls of amnesia
Potions
 b - a potion of magic
 d - 3 potions of ambrosia
 e - 4 potions of brilliance {unknown}
 g - 2 potions of curing {unknown}
 h - 2 potions of mutation {unknown}
 i - 2 potions of attraction {unknown}
 k - a potion of haste {unknown}


   Skills:
 - Level 1.5 Dodging
 - Level 2.1 Stealth
 + Level 3.0 Spellcasting
 + Level 1.7 Conjurations
 - Level 0.7 Transmutations
 * Level 5.7 Earth Magic


You had 6 spell levels left.
You knew the following spells:

 Your Spells              Type           Power      Damage    Failure   Level
a - Sandblast             Erth           44%        2d11      3%          1
b - Stone Arrow           Conj/Erth      44%        3d9       22%         3

Your spell library contained the following spells:

 Spells                   Type           Power      Damage    Failure   Level
 Passwall                 Tmut/Erth      10%        N/A       14%         2
 Petrify                  Tmut/Erth      13%        N/A       67%         4


Dungeon Overview and Level Annotations

Branches:
Dungeon (4/15)
 Temple: D:4-7

Altars:
Nemelex Xobeh

Shops:
D:1 (

Portals:
Sewer: D:4

Annotations:
D:4 Pikel


Innate Abilities, Weirdness & Mutations

You are immune to sickness and miasma.
Your stone body is resilient. (AC +4)
You are immune to poison.
You resist negative energy. (rN+)
You are resistant to electric shocks. (rElec)
You are resistant to unholy torment.
You are immune to petrification.


Message History

Casting: Sandblast (safe; 3% risk of failure)
Confirm with . or Enter, or press ? or * to list all spells.
Aiming: Sandblast (safe; 3% risk of failure)
Press: ? - help, Shift-Dir - straight line, f/p - Pikel
Aim: Pikel, wielding a +2 whip of flaming, wearing a +0 robe and carrying a wand of roots (3) (heavily wounded, 79% to hit)
The blast of sand misses Pikel.
Pikel closely misses you.
Pikel hits you with a +2 whip of flaming.
Pikel burns you.
Casting: Sandblast (safe; 3% risk of failure)
Confirm with . or Enter, or press ? or * to list all spells.
Aiming: Sandblast (safe; 3% risk of failure)
Press: ? - help, Shift-Dir - straight line, f/p - Pikel
Aim: Pikel, wielding a +2 whip of flaming, wearing a +0 robe and carrying a wand of roots (3) (heavily wounded, 79% to hit)
The blast of sand hits Pikel!
Pikel is severely wounded.
Pikel zaps a wand.
The roots erupt in riotous growth!
The grasping roots grab you!
Pikel is unaffected.
The grasping roots constrict you!
* * * LOW HITPOINT WARNING * * *
Pikel hits you but does no damage. The grasping roots constrict you.
* * * LOW HITPOINT WARNING * * *
The grasping roots release their grip on you.
Casting: Sandblast (safe; 3% risk of failure)
Confirm with . or Enter, or press ? or * to list all spells.
Aiming: Sandblast (safe; 3% risk of failure)
Press: ? - help, Shift-Dir - straight line, f/p - Pikel
Aim: Pikel, wielding a +2 whip of flaming, wearing a +0 robe and carrying a wand of roots (2) (severely wounded, 79% to hit)
The blast of sand hits Pikel!
Pikel is almost dead.
Pikel barely misses you. Pikel hits you but does no damage.
Casting: Sandblast (safe; 3% risk of failure)
Confirm with . or Enter, or press ? or * to list all spells.
Aiming: Sandblast (safe; 3% risk of failure)
Press: ? - help, Shift-Dir - straight line, f/p - Pikel
Aim: Pikel, wielding a +2 whip of flaming, wearing a +0 robe and carrying a wand of roots (2) (almost dead, 79% to hit)
The blast of sand hits Pikel but does no damage.
Pikel is almost dead.
You hear the slow rusting of a drain very nearby.
Pikel hits you with a +2 whip of flaming.
You die...

## .# #..
.#
#..5###.#
#..5..5.#
.5..###5##
. #5# #5#
#K# #@#
#.#
#.######
#...<..#
#...)..#
#......#
#......#
#.......#
#........#


You could see Pikel and 4 lemures.

Vanquished Creatures
  A hound (D:3)
  4 adders
  3 gnolls (D:3)
  2 dart slugs
  An orc (D:3)
  2 ball pythons (D:1)
  A bat (D:3)
  6 endoplasms
  A giant cockroach (D:1)
  2 goblins (D:3)
  2 hobgoblins
  5 kobolds
  4 frilled lizards
  2 rats
36 creatures vanquished.

Notes
Turn   | Place    | Note
-------+----------+-------------------------------------------
     0 | D:1      | wilfster70 the Gargoyle Earth Elementalist began the quest
                  | for the Orb.
     0 | D:1      | Reached XP level 1. HP: 10/10 MP: 3/3
   114 | D:1      | Found Pykluc's Weapon Emporium.
   195 | D:1      | Reached skill level 4 in Earth Magic
   202 | D:1      | Reached XP level 2. HP: 15/15 MP: 1/5
  1058 | D:2      | Reached XP level 3. HP: 17/19 MP: 2/6
  1062 | D:2      | Learned a level 3 spell: Stone Arrow
  1365 | D:3      | Reached skill level 1 in Conjurations
  1365 | D:3      | Reached skill level 5 in Earth Magic
  1365 | D:3      | Reached XP level 4. HP: 19/24 MP: 2/8
  1601 | D:3      | Found a sparkling altar of Nemelex Xobeh.
  1718 | D:3      | Reached XP level 5. HP: 28/28 MP: 7/9
  1778 | D:3      | Identified the +1 ring mail of Omec {Str+2}
  2402 | D:4      | Found a glowing drain.
  2402 | D:4      | Noticed Pikel
  2402 | D:4      | Noticed a lemure
  2402 | D:4      | Noticed a lemure
  2402 | D:4      | Noticed a lemure
  2403 | D:4      | Noticed a lemure
  2419 | D:4      | Slain by Pikel

Illustrated notes

Levels and vault maps discovered:
D:1:      dpeg_arrival_shelter, layout_basic, serial_shops, shop,
          minmay_statues_item
D:2:      layout_rooms
D:3:      minmay_evil_eye, layout_basic, mainiacjoe_overflow_tiny_flanked,
          minmay_misc_feat_more_columns, minivault_24, guppyfry_early_lair_pool
D:4:      layout_rooms, cheibrodos_sewer_entry_bend, uniq_pikel, uniq_grinder

Skill      XL: |  1  2  3  4  5 |
---------------+----------------+-----
Earth Magic    | 4 5 |  5.7
Conjurations   | 1 |  1.7
Spellcasting   | 3 |  3.0
Dodging        | |  1.5
Stealth        | |  2.1
Transmutations | |  0.7

Action                   |  1- 3 |  4- 6 || total
-------------------------+-------+-------++-------
Melee: Staff             |       |     1 ||     1
 Cast: Sandblast         |    24 |    38 ||    62
  Use: Scroll            |     7 |     1 ||     8
       Potion            |       |     2 ||     2
Armor: Robe              |    10 |       ||    10
       Ring mail         |       |    25 ||    25
Dodge: Dodged            |    15 |    28 ||    43

Table legend: (Time is in decaauts)
 A = Elapsed time spent in this place.
 B = Non-inter-level travel time spent in this place.
 C = Inter-level travel time spent in this place.
 D = Time resting spent in this place.
 E = Time spent auto-exploring this place.
 F = Levels seen in this place.
 G = Mean time per level.
                   A        B        C        D        E       F      G
               +--------+--------+--------+--------+--------+-----+--------+
         Total |   2480 |   2375 |    105 |    497 |   1174 |   4 |  620.0 |
       Dungeon |   2480 |   2375 |    105 |    497 |   1174 |   4 |  620.0 |
               +--------+--------+--------+--------+--------+-----+--------+

Top non-repeatable levels by time:
     D:3: 899 daAuts
     D:1: 817 daAuts
     D:2: 715 daAuts
     D:4: 48 daAuts
